AoeStats
← ToBad_Kueltruhe

Black Forest

504268923Analyzed
1v1 RM · 27d ago on Sep 4, 2026· 66m 54s· 2 players
Game mode
Random Map
Map size
Tiny (2 player)
Population
200
Speed
Normal
Resources
Standard
Victory
Conquest
Starting age
Dark Age
Ending age
Imperial Age
RankedLock teamsTeams togetherTeam positionsShared explorationLock speedFull tech treeHidden civsTurbo modeCheats
Victory
Defeat
🇩🇪 Britons · Germany
625
+14
🇨🇦 Portuguese · Canada
576
-14
loopingthebasque
14:46 Feudal Age
17:23 Double-Bit Axe
19:18 Forging
21:32 Castle Age
20:01 Fishing Lines
20:27 Scale Mail Armor
20:38 Scale Barding Armor
21:27 Padded Archer Armor
21:22 Fletching
24:45 Wheelbarrow
28:44 Horse Collar
29:58 Ballistics
30:26 Heavy Plow
32:13 Hand Cart
31:52 Gillnets
33:55 Iron Casting
33:29 Loom
33:30 Town Watch
34:54 Husbandry
35:27 Murder Holes
39:44 Imperial Age
38:30 Chain Barding Armor
38:29 Chain Mail Armor
38:44 Bloodlines
38:48 Thumb Ring
39:47 Leather Archer Armor
39:27 Bodkin Arrow
39:30 Man-at-Arms
39:58 Gambesons
39:35 Light Cavalry
40:27 Town Patrol
41:47 Chemistry
41:05 Bow Saw
41:35 Crop Rotation
42:37 Gold Mining
46:05 Long Swordsman
46:10 Cavalier
47:08 Elite Organ Gun
48:30 Plate Mail Armor
53:34 Arquebus
55:11 Elite Skirmisher
57:38 Circumnavigation
64:11 Pikeman
ToBad_Kueltruhe
14:06 Feudal Age
23:21 Castle Age
23:00 Padded Archer Armor
22:51 Fletching
24:07 Loom
28:15 Double-Bit Axe
28:12 Horse Collar
28:34 Gold Mining
31:51 Leather Archer Armor
32:28 Bodkin Arrow
36:07 Ballistics
35:29 Treadmill Crane
36:21 Forging
36:14 Scale Mail Armor
36:43 Yeomen
37:08 Wheelbarrow
36:20 Loom
36:21 Town Watch
38:01 Bow Saw
41:11 Imperial Age
41:14 Iron Casting
40:55 Chain Mail Armor
40:37 Stone Mining
40:53 Heavy Plow
40:49 Heated Shot
43:00 Chemistry
42:33 Ring Archer Armor
42:44 Conscription
42:05 Capped Ram
45:13 Elite Longbowman
47:55 Elite Longbowman
48:45 Siege Engineers
49:01 Pikeman
49:42 Squires
49:30 Arson
49:31 Gambesons
49:47 Halberdier
54:06 Plate Mail Armor
53:38 Bracer
61:02 Heavy Scorpion
Connection lost

Rejoining the realm…

Still unreachable

The connection could not be restored.

Session expired

The server has moved on; the page needs a fresh start.